 Dungeon Crawl Stone Soup version 0.30-a0-165-g1891117ce2 (webtiles) character file.

Game seed: 8024294254632143833

25 LnG the Caller (level 3, 0/19 HPs)
             Began as a Kobold Summoner on Sept 28, 2022.
             Slain by Terence
             ... wielding a +0 mace
              (7 damage)
             ... on level 2 of the Dungeon.
             The game lasted 00:02:06 (1170 turns).

LnG the Caller (Kobold Summoner)                    Turns: 1170, Time: 00:02:07

Health: 0/19       AC:  2    Str:  5    XL:     3   Next: 17%
Magic:  3/6        EV: 15    Int: 18    God:
Gold:   0          SH:  0    Dex: 15    Spells: 0/6 levels left

rFire   . . .      SeeInvis .    c - +2 dagger (vamp)
rCold   . . .      Faith    .    (no shield)
rNeg    . . .      Spirit   .    a - +0 robe
rPois   .          Reflect  .    (no helmet)
rElec   .          Harm     .    (no cloak)
rCorr   .          Rampage  .    (no gloves)
Will    .....                    (no boots)
Stlth   +++.......               (no amulet)
HPRegen 0.06/turn                (no ring)
MPRegen 0.10/turn                (no ring)

@: no status effects
A: small, no large weapons, nightstalker 3
a: no special abilities


You were on level 2 of the Dungeon.
You visited 1 branch of the dungeon, and saw 2 of its levels.

Inventory:

Hand Weapons
 c - a +2 vampiric dagger (weapon)
Armour
 a - a +0 robe (worn)
Scrolls
 d - 2 scrolls of identify
Potions
 b - a potion of magic
 e - a potion of haste


   Skills:
 + Level 0.1 Short Blades
 + Level 2.5 Dodging
 + Level 2.8 Stealth
 + Level 0.1 Unarmed Combat
 + Level 2.3 Spellcasting
 + Level 4.7 Summonings


You couldn't memorise any spells.
You knew the following spells:

 Your Spells              Type           Power      Damage    Failure   Level
a - Summon Small Mammal   Summ           76%        N/A       2%          1
b - Call Imp              Summ           19%        N/A       3%          2
c - Call Canine Familiar  Summ           19%        N/A       8%          3

Your spell library contained the following spells:

 Spells                   Type           Power      Damage    Failure   Level
 Summon Guardian Golem    Hex/Summ       10%        N/A       21%         3
 Summon Lightning Spire   Summ/Air       10%        N/A       54%         4


Dungeon Overview and Level Annotations

Branches:
Dungeon (2/15)

Altars:

Annotations:
D:2 Terence


Innate Abilities, Weirdness & Mutations

You are small and have problems with some larger weapons.
You are completely attuned to the shadows.


Message History

There is an open door here.
There is a large open door here.
Partly explored, can't reach some places.
Partly explored, can't reach some places.
There is a large open door here.
There is a stone staircase leading down here.
You climb downwards.
There is a stone staircase leading up here.
A frilled lizard comes into view.
The helpless frilled lizard fails to defend itself.
You puncture the frilled lizard!
You kill the frilled lizard!
Found an escape hatch in the ceiling.
There is an escape hatch in the ceiling here.
Terence the Incautious comes into view.
He is wielding a +0 mace.
Found 3 stones.
The helpless Terence fails to defend himself.
You puncture Terence!
Terence is heavily wounded.
Terence hits you but does no damage.
Casting: Summon Small Mammal (safe; 2% risk of failure)
Confirm with . or Enter, or press ? or * to list all spells.
The spell is extremely dangerous to miscast (8% risk of failure)!
Continue anyway?
Terence hits you with a +0 mace.
A hobgoblin comes into view.
Your hound bites Terence but does no damage.
Terence hits you with a +0 mace!
You hit Terence.
You feel better.
Terence is heavily wounded.
Your hound bites Terence but does no damage.
Terence hits your hound with a +0 mace.
You hit Terence but do no damage.
Terence is heavily wounded.
Your hound closely misses Terence.
Unknown command.
You hit Terence but do no damage.
Terence is heavily wounded.
Your hound bites Terence but does no damage.
Terence hits you with a +0 mace!
You die...

.... .... ....
...g#####.
#....+ #h@(...
#....# #@####.
#....# #.#
#....# #.#
#.<..# #.#
####.#### #.#
####....# #.#
.....##.#####
#.#
###...#.....#
#.#
#...##....###.#


You could see Terence (ally target), a hobgoblin and a friendly hound
(summoned).

Vanquished Creatures
  2 dart slugs (D:1)
  2 endoplasms (D:1)
  A goblin (D:1)
  A hobgoblin (D:1)
  3 bats (D:1)
  A frilled lizard (D:2)
  3 rats (D:1)
13 creatures vanquished.

Vanquished Creatures (collateral kills)
  2 bats (D:1)
  An endoplasm (D:1)
  A giant cockroach (D:1)
  2 goblins (D:1)
  A hobgoblin (D:1)
7 creatures vanquished.

Vanquished Creatures (others)
  A plant (D:2)
1 creature vanquished.

Grand Total: 21 creatures vanquished

Notes
Turn   | Place    | Note
-------+----------+-------------------------------------------
     0 | D:1      | LnG the Kobold Summoner began the quest for the Orb.
     0 | D:1      | Reached XP level 1. HP: 10/10 MP: 3/3
   200 | D:1      | Reached XP level 2. HP: 7/15 MP: 3/5
   884 | D:1      | Learned a level 2 spell: Call Imp
   900 | D:1      | Reached XP level 3. HP: 19/19 MP: 6/6
   904 | D:1      | Learned a level 3 spell: Call Canine Familiar
  1162 | D:2      | Noticed Terence
  1170 | D:2      | Slain by Terence

Illustrated notes

Levels and vault maps discovered:
D:1:      lightli_molten_gateway, layout_basic, kennysheep_flooded_box,
          minivault_25, minmay_misc_feat_ornament, corexii_corridor_pit
D:2:      layout_basic, shapermc_ecumenical_altar_acropolis, uniq_terence

Action                   || total
-------------------------++-------
Melee: Unarmed           ||    30
       Dagger            ||    36
       Punch             ||     1
 Cast: Summon Small Mamm ||    11
       Call Canine Famil ||     1
  Use: Scroll            ||     3
 Stab: Sleeping          ||     9
Armor: Robe              ||    15
Dodge: Dodged            ||    49

Table legend: (Time is in decaauts)
 A = Elapsed time spent in this place.
 B = Non-inter-level travel time spent in this place.
 C = Inter-level travel time spent in this place.
 D = Time resting spent in this place.
 E = Time spent auto-exploring this place.
 F = Levels seen in this place.
 G = Mean time per level.
                   A        B        C        D        E       F      G
               +--------+--------+--------+--------+--------+-----+--------+
         Total |   1169 |   1098 |     71 |    166 |    754 |   2 |  584.5 |
       Dungeon |   1169 |   1098 |     71 |    166 |    754 |   2 |  584.5 |
               +--------+--------+--------+--------+--------+-----+--------+

Top non-repeatable levels by time:
     D:1: 1133 daAuts
     D:2: 35 daAuts
